 Dungeon Crawl Stone Soup version 0.28.0-49-g6dfe1f597d (webtiles) character file.

Game seed: 1945179445545019887

9745 NinjaNoafa the Grappler (level 11, -2/105 HPs)
             Began as a Troll Fighter on May 11, 2022.
             Was an Elder of Trog.
             Slain by a two-headed ogre
             ... wielding a +0 giant club
              (24 damage)
             ... on level 12 of the Dungeon on May 12, 2022.
             The game lasted 00:25:37 (8615 turns).

NinjaNoafa the Grappler (Troll Fighter)             Turns: 8615, Time: 00:25:38

Health: -2/105     AC:  9    Str: 26    XL:     11   Next: 27%
Magic:  10/10      EV: 16    Int:  4    God:    Trog [****..]
Gold:   1178       SH: 11    Dex: 19    Spells: 10/10 levels left

rFire   . . .      SeeInvis .     - Unarmed
rCold   . . .      Faith    +   b - +1 kite shield
rNeg    . . .      Spirit   .   H - +0 acid dragon scales
rPois   .          Reflect  .   (helmet restricted)
rElec   +          Harm     .   (no cloak)
rCorr   +          Rampage  .   (gloves unavailable)
Will    .....      Clarity  +   (boots unavailable)
Stlth   +.........              p - amulet of faith
HPRegen 1.07/turn               B - +4 ring of evasion
MPRegen 0.12/turn               c - +6 ring of dexterity

@: no status effects
A: large, unfitting armour, claws 3, regeneration 1, shaggy fur 1, tough skin 1,
clarity, electricity resistance, MP-powered wands
a: Renounce Religion, Berserk, Trog's Hand, Brothers in Arms


You were on level 12 of the Dungeon.
You worshipped Trog.
Trog was greatly pleased with you.
You visited 3 branches of the dungeon, and saw 14 of its levels.

You collected 1778 gold pieces.
You spent 600 gold pieces at shops.

Inventory:

Missiles
 k - a throwing net
 m - 36 poisoned darts (quivered)
 v - 304 stones
 x - a boomerang
Armour
 b - a +1 kite shield (worn)
 H - +0 acid dragon scales (worn)
Jewellery
 c - a +6 ring of dexterity (right claw)
 d - an amulet of reflection
 h - a ring of flight
 p - an amulet of faith (around neck)
 r - a +6 ring of strength
 B - a +4 ring of evasion (left claw)
 M - the ring of Kepluma {Will+ SInv}
   (You found it on level 10 of the Dungeon)

   [ring of see invisible]

   SInv:      It lets you see invisible.
   Will:      It increases your willpower.
Wands
 u - a wand of acid (11)
 w - a wand of flame (33)
 z - a wand of iceblast (15)
 F - a wand of charming (11)
 K - a wand of digging (4)
Scrolls
 f - 5 scrolls of fear
 g - 2 scrolls of noise
 i - a scroll of magic mapping
 j - a scroll of blinking
 l - a scroll of fog
 o - 4 scrolls of teleportation
 y - 2 scrolls of brand weapon
 A - 4 scrolls of identify
 D - 2 scrolls of vulnerability
Potions
 a - a potion of cancellation
 e - 3 potions of resistance
 q - 2 potions of invisibility
 s - 4 potions of curing
 t - a potion of haste
 C - a potion of mutation
 E - 2 potions of heal wounds
 G - 3 potions of magic
 J - a potion of might
 L - a potion of flight
 O - a potion of degeneration {unknown}
Miscellaneous
 n - a tin of tremorstones (inert)
 I - a phial of floods
 N - a phial of floods


   Skills:
 + Level 6.1 Fighting
 + Level 5.1 Armour
 + Level 7.1 Dodging
 + Level 6.1 Shields
 + Level 9.2 Unarmed Combat
 - Level 5.0 Evocations


You had 10 spell levels left.
You didn't know any spells.
Your spell library was empty.

Dungeon Overview and Level Annotations

Branches:
Dungeon (12/15)            Temple (1/1) D:4            Lair (0/6) D:8
    Orc (1/2) D:9

Altars:
Ashenzari
Cheibriados
Dithmenos
Elyvilon
Fedhas
Gozag
Hepliaklqana
Kikubaaqudgha
Makhleb
Nemelex Xobeh
Okawaru
Qazlal
Ru
Sif Muna
Trog
Uskayaw
Vehumet
Wu Jian
Xom
Yredelemnul
Zin
The Shining One

Shops:
D:2 ?   D:5 *   D:6 *(   D:10 [


Innate Abilities, Weirdness & Mutations

You are too large for most types of armour.
You have claws for hands.
Your natural rate of healing is unusually fast.
You are covered in fur. (AC +1)
You have tough skin. (AC +1)
You possess an exceptional clarity of mind.
You are resistant to electric shocks. (rElec)
You expend magic power (3 MP) to strengthen your wands.


Message History

B - a +4 ring of evasion (left claw)
You now have 1178 gold pieces (gained 11).
O - a sedimented dark potion
A - 4 scrolls of identify (gained 1)
G - 3 potions of magic (gained 2)
You open the door.
There is an open door here.
There is an open door here.
There is an open door here.
You open the door.
There is an open door here.
You open the door.
There is an open door here.
Found a stone staircase leading up.
You open the door.
There is an open door here.
You see here a +0 club.
Done exploring.
Done exploring.
There is an open door here.
You open the door.
There is an open door here.
There is an escape hatch in the floor here.
You slide downwards.
The hatch slams shut behind you.
Found a potion of haste and a long sword.
Found a ring mail.
You mangle the two-headed ogre!!
The two-headed ogre is heavily wounded.
The two-headed ogre hits you with a +0 giant club!!
You block the two-headed ogre's attack.
You scratch the two-headed ogre but do no damage.
The two-headed ogre is heavily wounded.
The two-headed ogre hits you with a +0 giant club!!
The two-headed ogre hits you with a +0 giant club.
You scratch the two-headed ogre.
The two-headed ogre is heavily wounded.
The two-headed ogre hits you with a +0 giant club!!
* * * LOW HITPOINT WARNING * * *
The two-headed ogre hits you with a +0 giant club!!
You die...

.... #####
##...[
##...##....#
##..........##
#.....)......#
#.........!..#
#............#
#..O@......#
##...##...##
##### ####


You could see a two-headed ogre.

Vanquished Creatures
  3 two-headed ogres
  Pikel (D:6)
  2 unseen horrors
  Grinder (D:6)
  10 yaks
  2 wraiths
  Eustachio (D:6)
  2 wargs (D:8)
  An acid dragon (D:9)
  3 orc warriors
  Duvessa (D:5)
  3 ice beasts
  3 ogres
  A phantom (D:6)
  4 centaurs
  3 kobold brigands
  Blork the orc (D:6)
  The ghost of nickcage the Vexing, an amateur SpEn of Dithmenos (D:4)
  A scorpion (D:4)
  2 bullfrogs (D:9)
  A gnoll sergeant (D:7)
  A water moccasin zombie (D:4)
  Dowan (D:5)
  2 water moccasin skeletons (D:7)
  5 wights (D:7)
  3 howler monkeys
  4 crimson imps (D:8)
  5 centaur zombies
  4 hounds
  3 jellies
  2 quasits (D:4)
  7 orc priests
  3 iguanas
  6 orc wizards
  A hound zombie (D:5)
  2 howler monkey zombies
  2 adders
  19 gnolls
  2 howler monkey skeletons
  A shadow imp (D:7)
  An adder skeleton (D:4)
  A worm (D:2)
  2 dart slugs (D:3)
  29 orcs
  5 bats
  8 endoplasms
  3 giant cockroaches
  3 goblins
  5 hobgoblins
  4 jackals (D:1)
  17 kobolds
  A quokka (D:5)
  9 ball pythons
  6 frilled lizards
  4 rats
218 creatures vanquished.

Notes
Turn   | Place    | Note
-------+----------+-------------------------------------------
     0 | D:1      | NinjaNoafa the Troll Fighter began the quest for the Orb.
     0 | D:1      | Reached XP level 1. HP: 22/22 MP: 0/0
   168 | D:1      | Reached XP level 2. HP: 28/29 MP: 1/1
   922 | D:2      | Reached XP level 3. HP: 36/36 MP: 2/2
  1020 | D:2      | Found Conn's Magic Scroll Shoppe.
  1647 | D:3      | Reached skill level 3 in Unarmed Combat
  1880 | D:3      | Reached XP level 4. HP: 44/44 MP: 3/3
  2118 | D:4      | Reached XP level 5. HP: 51/53 MP: 4/4
  2196 | D:4      | Reached skill level 4 in Unarmed Combat
  2272 | D:4      | Noticed an ogre
  2280 | D:4      | Killed an ogre
  2281 | D:4      | Reached XP level 6. HP: 61/61 MP: 5/5
  2304 | D:4      | Found a transporter.
  2307 | D:4      | Noticed nickcage's ghost (amateur SpEn)
  2375 | D:4      | Found a transporter.
  2519 | D:4      | Reached skill level 1 in Evocations
  2519 | D:4      | Reached XP level 7. HP: 67/67 MP: 6/6
  2744 | D:4      | Found a staircase to the Ecumenical Temple.
  2758 | D:4      | Reached skill level 5 in Unarmed Combat
  2805 | Temple   | Entered the Ecumenical Temple
  3430 | Temple   | Became a worshipper of Trog the Wrathful
  3527 | D:4      | Killed nickcage's ghost
  3528 | D:4      | Reached skill level 6 in Unarmed Combat
  3668 | D:5      | Entered Level 5 of the Dungeon
  3761 | D:5      | Found Devufe's Mayhem Merchandise.
  3866 | D:5      | Reached * piety under Trog
  3882 | D:5      | Reached XP level 8. HP: 78/78 MP: 7/7
  3901 | D:5      | Noticed Dowan
  3902 | D:5      | Noticed Duvessa
  3912 | D:5      | Killed Duvessa
  3917 | D:5      | Killed Dowan
  3977 | D:5      | Found a stormy altar of Qazlal.
  4030 | D:5      | Found an ornate altar of the Wu Jian Council.
  4105 | D:5      | Found a sacrificial altar of Ru.
  4282 | D:6      | Noticed Grinder
  4287 | D:6      | Paralysed by Grinder for 2 turns
  4296 | D:6      | Paralysed by Grinder for 6 turns
  4306 | D:6      | Killed Grinder
  4327 | D:6      | Reached skill level 5 in Dodging
  4364 | D:6      | Noticed Blork the orc
  4381 | D:6      | Killed Blork the orc
  4381 | D:6      | Reached ** piety under Trog
  4382 | D:6      | Reached XP level 9. HP: 56/87 MP: 8/8
  4487 | D:6      | Noticed Eustachio
  4494 | D:6      | Killed Eustachio
  4495 | D:6      | Reached skill level 5 in Fighting
  4495 | D:6      | Reached skill level 5 in Shields
  4500 | D:6      | Identified a scroll of acquirement
  4502 | D:6      | Noticed Pikel
  4548 | D:5      | Acquired 1086 gold pieces
  4588 | D:6      | Found Moetoej's Elemental Accessories.
  4602 | D:6      | Bought a tin of tremorstones (2/2) for 600 gold pieces
  4745 | D:6      | Found Nuavooc's Antique Weapon Shop.
  4771 | D:6      | Gained mutation: You are resistant to electric shocks.
                  | (rElec) [potion of mutation]
  4771 | D:6      | Gained mutation: You possess an exceptional clarity of
                  | mind. [potion of mutation]
  4771 | D:6      | Gained mutation: You expend magic power (3 MP) to
                  | strengthen your wands. [potion of mutation]
  4777 | D:6      | Killed Pikel
  5186 | D:7      | Reached skill level 7 in Unarmed Combat
  5847 | D:8      | Noticed a two-headed ogre
  5857 | D:8      | Killed a two-headed ogre
  5913 | D:8      | Reached XP level 10. HP: 69/98 MP: 9/9
  5927 | D:8      | Reached skill level 8 in Unarmed Combat
  6097 | D:8      | Reached skill level 9 in Unarmed Combat
  6108 | D:8      | Reached *** piety under Trog
  6123 | D:8      | Found a staircase to the Lair.
  6240 | D:8      | Found a shimmering altar of Xom.
  6621 | D:9      | Noticed a two-headed ogre
  6626 | D:9      | Killed a two-headed ogre
  6779 | D:9      | Reached skill level 5 in Evocations
  6851 | D:9      | Found a staircase to the Orcish Mines.
  7236 | D:9      | Reached skill level 1 in Armour
  7462 | Orc:1    | Entered Level 1 of the Orcish Mines
  7490 | D:10     | Entered Level 10 of the Dungeon
  7745 | D:10     | Reached **** piety under Trog
  7746 | D:10     | Reached XP level 11. HP: 58/105 MP: 10/10
  7936 | D:10     | Identified the ring of Kepluma {Will+ SInv}
  7940 | D:10     | Found Hellad's Antique Armour Boutique.
  8170 | D:11     | Noticed a two-headed ogre
  8178 | D:11     | Killed a two-headed ogre
  8179 | D:11     | Reached skill level 5 in Armour
  8610 | D:12     | Noticed a two-headed ogre
  8615 | D:12     | Slain by a two-headed ogre

Illustrated notes

Levels and vault maps discovered:
D:1:      psy_arrival_wood_between_worlds, layout_basic, st_stairs_9
D:2:      layout_basic, serial_glass, glass_columns_c, glass_columns_a,
          serial_shops, shop
D:3:      layout_loops_cross
D:4:      cheibrodos_old_hovel, layout_basic, minmay_temple_entry_waves,
          gammafunk_ghost_stat_death, grunt_ministairs_10, st_stairs_1
D:5:      layout_rooms, mainiacjoe_overflow_cross_hatched, old_standard_altar,
          nicolae_wu_jian_immortal_techniques, minmay_shop_mayhem, uniq_duvessa
D:6:      layout_cave_pools, chequers_serial_rivers_small_b,
          nicolae_take_the_stairs, nicolae_elemental_shop,
          minmay_misc_feat_square, uniq_blork_the_orc, uniq_pikel,
          uniq_eustachio, uniq_grinder
D:7:      layout_loops_corners
D:8:      layout_rooms, led_xom_imps, erik_lair_orcish_takeover
D:9:      layout_loops_corners, orc_0_dummy
D:10:     layout_rooms, serial_shops, shop, minmay_fountain_box
D:11:     layout_roguey
D:12:     layout_rooms
Temple:   dpeg_five_rooms_temple
Orc:1:    layout_caves, basic_altar

Skill      XL: |  1  2  3  4  5  6  7  8  9 10 11 |
---------------+----------------------------------+-----
Unarmed Combat | 3 4 6 7 9 |  9.2
Dodging        | 3 5 6 7 |  7.1
Fighting       | 3 4 6 |  6.1
Shields        | 3 4 6 |  6.1
Evocations     | 1 2 5 |  5.0
Armour         | 3 5 |  5.1

Action                   |  1- 3 |  4- 6 |  7- 9 | 10-12 || total
-------------------------+-------+-------+-------+-------++-------
Melee: Unarmed           |   124 |    54 |   245 |   255 ||   678
Throw: Dart              |       |    10 |       |     5 ||    15
       Stone             |       |     1 |       |       ||     1
Evoke: Wand              |       |       |     4 |     5 ||     9
       Tin of tremorston |       |       |       |     2 ||     2
  Use: Scroll            |     1 |       |    17 |     3 ||    21
       Potion            |       |       |     7 |       ||     7
 Stab: Invisible         |       |       |     2 |       ||     2
       Distracted        |       |       |     1 |       ||     1
Armor: Robe              |    40 |     8 |    51 |     7 ||   106
       Acid dragon scale |       |       |       |    47 ||    47
Dodge: Dodged            |    38 |    16 |   195 |   141 ||   390
Block: Kite shield       |    87 |    29 |   191 |   142 ||   449
       Reflection        |     2 |     5 |     1 |       ||     8
